 Dungeon Crawl Stone Soup version 0.28.0-49-g6dfe1f597d (webtiles) character file.

Game seed: 14391902063094267926

8 mBirk the Skirmisher (level 2, 27/27 HPs)
             Began as a Hill Orc Fighter on May 16, 2022.
             Quit the game on level 1 of the Dungeon.
             The game lasted 00:05:38 (467 turns).

mBirk the Skirmisher (Hill Orc Fighter)              Turns: 467, Time: 00:05:39

Health: 27/27      AC:  6    Str: 18    XL:     2   Next: 8%
Magic:  2/2        EV:  9    Int:  8    God:
Gold:   28         SH:  4    Dex: 10    Spells: 1/1 levels left

rFire   . . .      SeeInvis .   a - +0 war axe
rCold   . . .      Faith    .   c - +0 buckler
rNeg    . . .      Spirit   .   b - +0 scale mail
rPois   .          Reflect  .   (no helmet)
rElec   .          Harm     .   (no cloak)
rCorr   .          Rampage  .   (no gloves)
Will    .....                   (no boots)
Stlth   ..........              (no amulet)
HPRegen 0.09/turn               (no ring)
MPRegen 0.08/turn               (no ring)

@: no status effects
A: no striking features
a: no special abilities


You were on level 1 of the Dungeon.
You visited 1 branch of the dungeon, and saw 1 of its levels.

You collected 28 gold pieces.

Inventory:

Hand Weapons
 a - a +0 war axe (weapon)
Armour
 b - a +0 scale mail (worn)
 c - a +0 buckler (worn)
 g - a +0 leather armour
Scrolls
 e - 2 scrolls of identify {unknown}
Potions
 d - a potion of might
 f - a potion of degeneration {unknown}


   Skills:
 + Level 3.8 Fighting
 + Level 3.1 Axes
 + Level 3.4 Armour
 + Level 3.4 Shields


You had one spell level left.
You didn't know any spells.
Your spell library contained the following spells:

 Spells                   Type           Power      Damage    Failure   Level
 Borgnjor's Revivificati  Necr           0%         N/A       100%        8
 Necromutation            Tmut/Necr      0%         N/A       100%        8
 Death's Door             Necr           0%         N/A       100%        9


Dungeon Overview and Level Annotations

Branches:
Dungeon (1/15)

Altars:


Message History

You see here a rat corpse.
There is an escape hatch in the floor here.
A ball python comes into view.
The ball python hisses angrily.
The ball python bites you. The ball python grabs you.
The ball python constricts you.
You barely miss the ball python.
The ball python bites you but does no damage.
The ball python constricts you.
You barely miss the ball python. The ball python barely misses you.
The ball python constricts you. You block the ball python's attack.
The ball python constricts you.
You slash the ball python!
You kill the ball python!
You have reached level 2!
You see here a rat corpse.
Found a leather armour.
Found 14 gold pieces.
A hobgoblin comes into view.
The hobgoblin shouts!
The hobgoblin hits you.
You slash the hobgoblin!
You kill the hobgoblin!
Your Axes skill increases to level 3!
You see here a hobgoblin corpse.
You now have 28 gold pieces (gained 14).
You see here a +0 leather armour.
You see here a +0 leather armour.
Found an escape hatch in the floor.
You see here a +0 leather armour.
Enter note: hell You see here a +0 leather armour.
g - a +0 leather armour
There is an escape hatch in the floor here.
Unknown command.
Unknown command.
Are you sure you want to abandon this character and quit the game? (Confirm with "yes".)
Okay, then.
Unknown command.
Are you sure you want to abandon this character and quit the game? (Confirm with "yes".)

#...........†.##
##.#######
#.....###....#.#
##>........ #.....#
#.##.>## #.#.#######
#.....###.##.##
##<.....###.
########..##.###
###†........
#.###...###....#..##..
#.##.....#.....#..#
##.##..#.###.#..#....
#......#.#@#.#.......#
######...............#
#####............
##..........
#.........#
#######.###


There were no monsters in sight!

Vanquished Creatures
  2 endoplasms (D:1)
  A hobgoblin (D:1)
  A ball python (D:1)
  A frilled lizard (D:1)
  4 rats (D:1)
9 creatures vanquished.

Notes
Turn   | Place    | Note
-------+----------+-------------------------------------------
     0 | D:1      | mBirk the Hill Orc Fighter began the quest for the Orb.
     0 | D:1      | Reached XP level 1. HP: 19/19 MP: 1/1
   366 | D:1      | Reached XP level 2. HP: 23/27 MP: 2/2
   450 | D:1      | hell
   467 | D:1      | Quit the game

Illustrated notes

#.........#....###.†....†
#.....†###...### ###...##
#...........†.## ##.####
#.....###....#.# ##>.....
#.....# #.##.>## #.#.####
#.....###.##.## ##<.....
########..##.### ###†....
#.###...###....#..
#@##.....#.....#..
##.##..#.###.#..# .
#......#.#>#.#.....
######.............
#####......... ##........
#........ ### ###.#


Turn 450 on D:1: hell

Levels and vault maps discovered:
D:1:      onia_arrival_handbag, layout_rooms, serial_shops, shop,
          minmay_misc_feat_doors, minmay_lizard_king

Skill      XL: |  1  2 |
---------------+-------+-----
Axes           | 3 |  3.1
Fighting       | |  3.8
Armour         | |  3.4
Shields        | |  3.4

Action                   || total
-------------------------++-------
Melee: War axe           ||    22
Armor: Scale mail        ||     6
Dodge: Dodged            ||     6
Block: Buckler           ||     3
